 Dungeon Crawl Stone Soup version 0.30-a0-728-gc68057be0a (webtiles) character file.

Game seed: 2631007062727814708

59 Bnni the Magician (level 4, 33/33 HPs)
             Began as a Djinni Venom Mage on Jan 30, 2023.
             Was a High Priest of Ignis.
             Quit the game on level 2 of the Dungeon.
             The game lasted 00:02:23 (1061 turns).

Bnni the Magician (Djinni Venom Mage)               Turns: 1061, Time: 00:02:24

Health: 33/33      AC:  2    Str:  7    XL:     4   Next: 22%
Gold:   51         EV: 12    Int: 19    God:    Ignis [*****.] SH:  0 Dex: 13

rFire   + + +      SeeInvis .    n - +0 scimitar
rCold   x . .      Faith    .    (no shield)
rNeg    . . .      Spirit   .    a - +0 robe
rPois   ∞          Reflect  .    (no helmet)
rElec   .          Harm     .    (no cloak)
rCorr   .          Rampage  .    (no gloves)
Will    .....                    (boots unavailable)
Stlth   ++                       (no amulet)
HPRegen 0.25/turn                f - ring of wizardry
MPRegen 0.00/turn                (no ring)

@: flying
A: sickness immunity, fire resistance 2, cold vulnerability 1, float, innate
caster, HP casting, extra vitality 1
a: Renounce Religion, Fiery Armour, Foxfire Swarm, Rising Flame


You were on level 2 of the Dungeon.
You worshipped Ignis.
Ignis was extremely pleased with you.
You visited 1 branch of the dungeon, and saw 2 of its levels.

You collected 51 gold pieces.

Inventory:

Hand Weapons
 n - a +0 scimitar (weapon)
Armour
 a - a +0 robe (worn)
Jewellery
 f - a ring of wizardry (left hand)
 m - a ring of ice
Scrolls
 c - a scroll of teleportation {unknown}
 e - a scroll of enchant armour {unknown}
 k - a scroll of identify {unknown}
Potions
 b - a potion of magic
 d - 2 potions of ambrosia {unknown}
 g - a potion of attraction {unknown}
 h - a potion of degeneration {unknown}
 i - a potion of brilliance {unknown}
 j - a potion of might {unknown}
 l - a potion of resistance {unknown}


   Skills:
 + Level 1.8 Fighting
 - Level 2.1 Dodging
 - Level 1.5 Stealth
 * Level 3.3 Spellcasting


You couldn't memorise any spells.
You knew the following spells:

 Your Spells              Type           Power      Damage    Failure   Level
a - Sting                 Tmut/Pois      64%        1d6       1%          1
b - Poisonous Vapours     Pois/Air       32%        N/A       2%          2
c - Mephitic Cloud        Conj/Pois/Air  16%        N/A       4%          3
d - Olgreb's Toxic Radia  Pois           16%        N/A       16%         4
e - Necrotise             Necr           64%        1d7       1%          1
Your spell library was empty.

Dungeon Overview and Level Annotations

Branches:
Dungeon (2/15)

Altars:
Ignis


Innate Abilities, Weirdness & Mutations

You are immune to sickness and miasma.
You are immune to poison.
Your flesh is very heat resistant. (rF++)
You are vulnerable to cold. (rC-)
You float through the air rather than walking.
You learn spells naturally, not from books.
Your magical power is your life essence.
You have superior vitality. (+4 MHP)


Message History

Poisonous vapours surround the rat!
The rat is poisoned.
Casting: Poisonous Vapours (safe; 2% risk of failure)
Confirm with . or Enter, or press ? or * to list all spells.
Aiming: Poisonous Vapours (safe; 2% risk of failure)
Press: ? - help, Dir - move target, f/p - rat
Aim: a rat (poisoned) Poisonous vapours surround the rat!
The rat looks even sicker.
A rat is nearby!
You closely miss the rat. The rat barely misses you.
You closely miss the rat.
The rat is severely wounded.
The rat bites you.
You slash the rat!
You kill the rat!
No target in view!
Found an escape hatch in the ceiling.
There is an escape hatch in the ceiling here.
Found a robe.
You now have 45 gold pieces (gained 9).
You see here a +0 robe.
Found a stone staircase leading up.
k - a scroll labelled YLEKAE JOIPU
There is a stone staircase leading up here.
Found a faded altar of an unknown god.
You reach down and open the door.
There is an open door here.
You see here a rat corpse.
You see here a +0 robe.
You now have 51 gold pieces (gained 6).
Done exploring.
Done exploring.
Search for what [? for help]? alt
There is an escape hatch in the ceiling here.
There is a faded altar of an unknown god here.
This altar belongs to (a) Fedhas, (b) Makhleb or (c) Ignis, but you can't tell which.
Press the corresponding letter to learn more about a god, or press enter to convert or escape to cancel.
Okay, then.
This altar belongs to (a) Fedhas, (b) Makhleb or (c) Ignis, but you can't tell which.
Press the corresponding letter to learn more about a god, or press enter to convert or escape to cancel.
Ignis accepts your prayer! Ignis welcomes you!
Are you sure you want to abandon this character and quit the game? (Confirm with "yes".)

#......#.###########.###
##......#.....####......###
#...÷..##.###...##.......÷##
#...#.....# ###..#......#..#
#...#.....# ##.#......##.##
#..##...†.######........##..##
#.............####......###...
######...####.# #.........###
####.......####@#
#......##....
#.............#.#
#......######
###..######.#.#.# ########
#..<....#.#.#.#
#.......#.#.#.#
#..###..#.#.#.#
#......##.#.#.#
#.#######.#.#.# ##
#...........#.## ####.


There were no monsters in sight!

Vanquished Creatures
  Terence (D:2)
  2 adders (D:2)
  A bat (D:1)
  An endoplasm (D:1)
  A giant cockroach (D:2)
  2 jackals (D:1)
  A quokka (D:2)
  4 ball pythons
  2 frilled lizards (D:2)
  3 rats (D:2)
18 creatures vanquished.

Notes
Turn   | Place    | Note
-------+----------+-------------------------------------------
     0 | D:1      | Bnni the Djinni Venom Mage began the quest for the Orb.
     0 | D:1      | Bnni set off with the following spells memorised: Sting,
                  | Poisonous Vapours, Mephitic Cloud, Olgreb's Toxic Radiance.
     0 | D:1      | Reached XP level 1. HP: 15/15 MP: 0/0
   155 | D:1      | Reached XP level 2. HP: 17/22 MP: 0/0
   239 | D:1      | You are sucked into a shaft and drop 1 floor!
   310 | D:2      | Noticed Terence
   325 | D:2      | Killed Terence
   326 | D:2      | Reached skill level 1 in Fighting
   326 | D:2      | Reached skill level 3 in Spellcasting
   326 | D:2      | Reached XP level 3. HP: 21/27 MP: 0/0
   326 | D:2      | Learned a level 1 spell: Necrotise
   666 | D:2      | Reached XP level 4. HP: 30/32 MP: 0/0
   900 | D:2      | Found a faded altar of an unknown god.
  1060 | D:2      | Prayed at the altar of an unknown god.
  1060 | D:2      | Became a worshipper of Ignis, the Dying Flame
  1061 | D:2      | Quit the game

Illustrated notes

Levels and vault maps discovered:
D:1:      dpeg_arrival_connections, layout_basic, st_stairs_10
D:2:      layout_basic, basic_ecumenical_altar, uniq_terence

Skill      XL: |  1  2 |
---------------+-------+-----
Fighting       | 1 |  1.8
Spellcasting   | 3 |  3.3
Dodging        | |  2.1
Stealth        | |  1.5

Action                     |  1- 3 |  4- 6 || total
---------------------------+-------+-------++-------
  Melee: Unarmed           |     3 |       ||     3
         Scimitar          |       |     3 ||     3
   Cast: Sting             |    24 |     3 ||    27
         Poisonous Vapours |    19 |     2 ||    21
         Mephitic Cloud    |       |     1 ||     1
         Olgreb's Toxic Ra |       |     1 ||     1
 Armour: Robe              |     2 |       ||     2
  Dodge: Dodged            |     8 |     3 ||    11

Table legend: (Time is in decaauts)
 A = Elapsed time spent in this place.
 B = Non-inter-level travel time spent in this place.
 C = Inter-level travel time spent in this place.
 D = Time resting spent in this place.
 E = Time spent auto-exploring this place.
 F = Levels seen in this place.
 G = Mean time per level.
                   A        B        C        D        E       F      G
               +--------+--------+--------+--------+--------+-----+--------+
         Total |   1060 |   1031 |     29 |     50 |    822 |   2 |  530.0 |
       Dungeon |   1060 |   1031 |     29 |     50 |    822 |   2 |  530.0 |
               +--------+--------+--------+--------+--------+-----+--------+

Top non-repeatable levels by time:
     D:2: 821 daAuts
     D:1: 238 daAuts
